 Dungeon Crawl Stone Soup version 0.24.0-41-g2ae2f7f1be (webtiles) character file.

Game seed: 8798947816538888368, levelgen mode: deterministic

36 Amplified the Chopper (level 3, 0/30 HPs)
             Began as a Hill Orc Wanderer on Dec 11, 2019.
             Succumbed to an adder's poison
             ... on level 2 of the Dungeon.
             The game lasted 00:02:20 (1715 turns).

Amplified the Chopper (Hill Orc Wanderer)           Turns: 1715, Time: 00:02:21

Health: 0/30       AC:  2    Str: 18    XL:     3   Next: 37%
Magic:  4/4        EV:  8    Int: 14    God:
Gold:   83         SH:  8    Dex: 10    Spells: 4/4 levels left

rFire    + . .     SeeInvis .   a - +0 hand axe
rCold    + . .     Gourm    .   b - +0 shield
rNeg     . . .     Faith    .   d - +0 robe
rPois    +         Spirit   .   (no helmet)
rElec    +         Reflect  .   (no cloak)
rCorr    +         Harm     .   (no gloves)
MR       .....                  (no boots)
Stlth    +.........             (no amulet)
HPRegen  0.10/turn              (no ring)
MPRegen  0.09/turn              (no ring)

@: brilliant, lethally poisoned (0 -> -2), resistant
A: no striking features
a: no special abilities


You were on level 2 of the Dungeon.
You were hungry.

You visited 1 branch of the dungeon, and saw 2 of its levels.

You collected 83 gold pieces.

Inventory:

Hand Weapons
 a - a +0 hand axe (weapon)
Missiles
 g - 7 poisoned darts (quivered)
Armour
 b - a +0 shield (worn)
 d - a +0 robe (worn)
Scrolls
 c - a scroll of teleportation
 j - 2 scrolls of remove curse
Comestibles
 f - 2 rations


   Skills:
 * Level 2.3 Fighting
 * Level 3.4 Axes
 + Level 2.4 Armour
 - Level 1.0 Stealth
 * Level 2.0 Shields
 - Level 1.0 Spellcasting
   Level 1.0 Hexes
   Level 1.0 Translocations


You had 4 spell levels left.
You didn't know any spells.
Your spell library was empty.

Dungeon Overview and Level Annotations

Branches:
Dungeon (2/15)

Altars:

Annotations:
D:2 Terence


Message History

The adder barely misses you. The adder closely misses you.
Unknown command.
Throwing (i - inventory)
g - 9 poisoned darts (quivered)
Press: ? - help, Shift-Dir - straight line, f/p - adder
Aim: an adder (severely wounded, poisoned)
You throw a poisoned dart.
The poisoned dart barely misses the adder.
The adder bites you.
* * * LOW HITPOINT WARNING * * *
Unknown command.
Unknown command.
Unknown command.
Unknown command.
Unknown command.
Throwing (i - inventory)
g - 8 poisoned darts (quivered)
Press: ? - help, Shift-Dir - straight line, f/p - adder
Aim: an adder (almost dead, poisoned)
You throw a poisoned dart.
The poisoned dart barely misses the adder.
You die...

..#.##.#.##.#.(..#*,,,,,,,,,,* **
##<....#.##.#....#*,,,,,,,,,,*
.......#.##.#...(######.******
###.#..#.#....##.....(..********
.......#.#.#..##(.......,,,,,,,*
.##.#..#.#.#..##........****,***
,*#.#..#.#.#..##).......* *,*
,*#.#..#.#,##.##........* **,****
,*#.#.##,,...,,#@.......* *,,,,,,
,*#.#..,,...,,,#S.......* *,,,,,,
,*#<#.####.###..........***,,,,,,
,,......................,,,,,,,,*
****#.......##...#######****,****
#.......##...#**********,*
#.......##....,,,,.......*
#...รท...####>.,,,,,......****
#####.......# *****,,,#.....,,,,


You could see an adder.

Vanquished Creatures
  2 leopard geckos (D:1)
  4 bats (D:1)
  A giant cockroach (D:1)
  5 goblins
  7 hobgoblins
  A frilled lizard (D:1)
  10 kobolds (D:1)
30 creatures vanquished.

Notes
Turn   | Place    | Note
-------+----------+-------------------------------------------
     0 | D:1      | Amplified the Hill Orc Wanderer began the quest for the
                  | Orb.
     0 | D:1      | Amplified set off with the following items: a +0 hand axe,
                  | a +0 shield, a scroll of teleportation, a +0 robe, a ration
     0 | D:1      | Reached XP level 1. HP: 16/16 MP: 2/2
    70 | D:1      | Reached skill level 3 in Axes
   500 | D:1      | Reached XP level 2. HP: 23/23 MP: 3/3
  1136 | D:1      | Reached XP level 3. HP: 20/29 MP: 4/4
  1569 | D:2      | Noticed Terence
  1714 | D:2      | HP: 1/30 [adder (1)]
  1715 | D:2      | Succumbed to an adder's poison

Levels and vault maps discovered:
D:1:      minmay_arrival_checkered_box, layout_loops_ring
D:2:      layout_basic, uniq_terence

Skill      XL: |  1  2  3 |
---------------+----------+-----
Axes           | 3 |  3.4
Fighting       | 2 |  2.3
Shields        | 2 |  2.0
Armour         | |  2.4
Stealth        | |  1.0
Spellcasting   | |  1.0
Hexes          | |  1.0
Translocations | |  1.0

Action                   || total
-------------------------++-------
Melee: Hand axe          ||   129
Throw: Dart              ||    13
  Use: Potion            ||     3
       Scroll            ||     2
 Stab: Sleeping          ||     3
  Eat: Chunk             ||     2
Armor: Robe              ||    23
Dodge: Dodged            ||    47
Block: Shield            ||    56
